Map: Submarine LE

Players

LiquidMaNa (MaNa) - Winner!

  • Race: Protoss Protoss
  • League: Grandmaster
  • Spawn Location: 11:00

soul

  • Race: Terran Terran
  • League: Master
  • Spawn Location: 5:00

Event: DreamHack SC2 Masters 2020 Summer Europe

VOD

Have the link to the VOD?

Description

Time

  • Played on: July 9, 2020, 11:37 a.m.
  • Length: 16:50

All games in this series

Show
View Real Time Build Order
Export as new Build Order

LiquidMaNa Protoss - Winner!

Build Orders: 1 Gate Expand, Blink Stalkers, Colossus Rush 

Get SALT Encoding   

  12  0:00  Probe  
  13  0:13  Probe  
  14  0:17  Pylon  
  14  0:24  Probe  
  15  0:32  Probe  
  15  0:38  Gateway  
  15  0:40  Probe  
  16  0:47  Assimilator  
  17  0:51  Probe  
  18  1:03  Probe  
  19  1:15  Probe  
  20  1:25  Cybernetics Core  
  20  1:34  Nexus  
  20  1:36  Probe  
  21  1:44  Pylon  
  21  1:49  Assimilator  
  21  1:52  Probe, Adept  
  22  2:04  Probe, Warp Gate  
  25  2:12  Stalker  
  25  2:16  Probe  
  28  2:28  Probe  
  29  2:39  Twilight Council  
  29  2:40  Probe  
  30  2:46  Probe  
  30  2:49  Stalker  
  33  2:52  Probe  
  33  2:58  Probe  
  34  3:04  Probe  
  34  3:08  Probe  
  34  3:12  Probe  
  35  3:15  Blink  
  35  3:16  Probe  
  35  3:19  Gateway  
  36  3:21  Gateway  
  36  3:23  Probe  
  37  3:27  Probe  
  39  3:35  Probe  
  39  3:39  Probe, Pylon  
  41  3:47  Probe  
  42  3:51  Probe  
  42  3:52  Stalker  
  45  3:58  Robotics Facility  
  45  3:59  Probe  
  45  4:00  Assimilator  
  46  4:03  Probe, Assimilator  
  47  4:11  Probe  
  47  4:15  Probe, Stalker x2  
  53  4:23  Probe  
  54  4:26  Pylon  
  54  4:29  Shield Battery  
  54  4:41  Pylon  
  54  4:44  Probe x2  
  55  4:46  Observer  
  55  4:49  Robotics Bay  
  56  4:53  Stalker x2  
  56  4:56  Probe x2  
  62  5:00  Stalker  
  64  5:08  Probe x2, Pylon  
  66  5:20  Probe x2  
  65  5:28  Stalker x3  
  65  5:32  Probe x2  
  72  5:44  Colossus  
  72  5:48  Extended Thermal Lance, Pylon  
  72  5:49  Pylon  
  78  6:06  Probe  
  78  6:09  Probe  
  80  6:13  Forge, Nexus, Observer  
  80  6:17  Sentry x2  
  80  6:18  Probe  
  85  6:22  Stalker  
  87  6:26  Probe, Pylon  
  87  6:30  Probe  
  89  6:35  Protoss Ground Weapons Level 1  
  89  6:38  Probe, Colossus  
  90  6:42  Probe  
  97  6:50  Gateway x2  
  97  6:58  Gateway  
  97  6:59  Probe x2  
  99  7:04  Pylon  
  99  7:11  Charge  
  99  7:16  Observer  
  99  7:20  Colossus  
  99  7:25  Probe x3  
  99  7:27  Observer  
  102  7:30  Photon Cannon  
  102  7:31  Observer  
  102  7:34  Assimilator  
  102  7:36  Assimilator  
  108  7:37  Probe  
  108  7:40  Probe x2, Photon Cannon  
  111  7:46  Robotics Facility  
  111  7:53  Probe x2  
  111  7:54  Observer  
  113  8:01  Forge  
  113  8:06  Colossus, Nexus  
  113  8:10  Probe  
  113  8:11  Probe  
  108  8:18  Probe  
  115  8:22  Probe  
  115  8:23  Probe, Protoss Ground Armor Level 1  
  115  8:24  Immortal  
  115  8:26  Protoss Ground Weapons Level 2  
  115  8:27  Pylon  
  121  8:44  Pylon  
  121  8:45  Templar Archives  
  121  8:49  Probe x3  
  124  8:57  Pylon  
  124  8:59  Immortal  
  124  9:00  Warp Prism  
  124  9:01  Probe x2, Observer  
  132  9:13  Photon Cannon  
  132  9:14  Probe x3  
  135  9:17  Pylon  
  135  9:19  Pylon  
  135  9:23  High Templar x3  
  135  9:24  High Templar  
  142  9:27  Archon  
  142  9:28  Archon  
  142  9:30  Photon Cannon  
  142  9:36  Observer  
  143  9:38  Gateway  
  143  9:39  Shield Battery  
  143  9:42  Gateway  
  143  9:44  High Templar  
  143  9:45  High Templar  
  147  9:49  Archon  
  147  9:55  Zealot  
  147  9:56  Zealot x3  
  147  9:57  Disruptor  
  158  10:07  Photon Cannon  
  158  10:21  Stalker x4  
  159  10:32  Stalker  
  159  10:33  Stalker x2  
  163  10:40  Disruptor  
  166  10:46  Probe  
  166  10:47  Assimilator  
  166  10:48  Zealot x5  
  177  11:01  Zealot  
  177  11:03  Pylon  
  179  11:06  Pylon  
  147  11:26  Stalker x2  
  147  11:27  Stalker x6  
  147  11:29  Probe x3  
  157  11:41  Probe x3, Robotics Facility  
  157  11:45  Nexus  
  157  11:46  Robotics Facility  
  158  11:53  Probe x2  
  160  11:55  Stalker x3  
  160  11:56  Zealot x2  
  169  12:07  Probe, Zealot x3  
  167  12:32  Nexus  
  153  12:37  Disruptor x2  
  153  12:42  Zealot x5  
  153  12:43  Zealot x2  
  173  12:46  Pylon  
  159  12:53  Stalker x3  
  165  13:00  Pylon  
  165  13:02  Pylon  
  165  13:03  Pylon  
  165  13:06  Stalker x5  
  165  13:11  Protoss Ground Weapons Level 3  
  175  13:19  Protoss Ground Armor Level 2  
  175  13:26  Zealot x3  
  156  13:50  Zealot  
  156  13:51  Zealot x7  
  166  13:56  Disruptor x2  
  172  14:03  Probe x2  
  172  14:04  Probe  
  172  14:15  Probe  
  172  14:16  Zealot x3  
  179  14:18  Zealot x5  
  189  14:32  Disruptor x2  
  181  14:51  Zealot x8  
  181  15:07  Disruptor x2  
  181  15:12  Nexus  
  167  15:30  Stalker  
  167  15:31  Stalker x7  
  183  15:43  Disruptor x2  
  185  15:55  Zealot x7  
  195  16:16  Stalker  
  195  16:17  Stalker  
  187  16:27  Stalker x6  
  156  16:48  Stalker x2  
Show
View Real Time Build Order
Export as new Build Order

soul Terran 

Build Orders:  

Get SALT Encoding   

  12  0:01  SCV  
  13  0:13  SCV  
  14  0:18  Supply Depot  
  14  0:25  SCV  
  15  0:39  SCV  
  15  0:40  Barracks  
  16  0:44  Refinery  
  16  0:51  SCV  
  17  1:03  SCV  
  18  1:16  SCV  
  19  1:29  Marine  
  19  1:30  Orbital Command  
  20  1:42  Command Center  
  20  1:47  Reaper  
  21  1:56  SCV, Supply Depot  
  22  2:08  SCV, Bunker  
  23  2:18  Factory  
  23  2:20  SCV  
  24  2:24  Refinery  
  24  2:25  Barracks Reactor  
  24  2:33  SCV  
  25  2:45  SCV  
  26  2:57  SCV  
  27  3:05  Widow Mine  
  29  3:06  Marine x2, Starport  
  29  3:11  SCV  
  33  3:14  Orbital Command  
  31  3:23  SCV, Marine  
  31  3:24  Marine  
  34  3:29  Widow Mine  
  36  3:35  SCV  
  36  3:40  SCV  
  38  3:44  Medivac  
  38  3:47  SCV  
  41  3:48  Marine x2  
  41  3:49  Supply Depot  
  41  3:52  SCV  
  41  3:53  Factory Tech Lab  
  41  3:54  Supply Depot  
  44  3:59  SCV  
  44  4:02  Barracks  
  45  4:04  SCV  
  46  4:10  Engineering Bay  
  46  4:11  SCV, Marine  
  46  4:13  Siege Tank  
  51  4:19  SCV  
  51  4:22  Starport Tech Lab, Marine  
  53  4:24  Supply Depot  
  53  4:25  SCV  
  53  4:29  Marine  
  55  4:31  SCV  
  55  4:37  SCV  
  57  4:38  Missile Turret  
  57  4:41  Marine  
  57  4:43  SCV  
  59  4:47  Refinery, Marine, Siege Tank  
  64  5:00  Command Center  
  64  5:01  Stimpack  
  64  5:06  Armory  
  62  5:07  SCV  
  62  5:08  SCV  
  62  5:12  Marauder  
  62  5:13  Marine  
  67  5:19  SCV  
  68  5:22  Bunker  
  68  5:23  Marine  
  68  5:24  SCV  
  70  5:40  Supply Depot  
  70  5:41  Supply Depot, Refinery  
  70  5:42  Supply Depot  
  70  5:50  SCV, Marine x2, Siege Tank  
  70  5:54  Drilling Claws  
  76  5:58  Barracks  
  76  5:59  SCV  
  76  6:01  Starport Reactor  
  76  6:02  SCV  
  76  6:03  Marine  
  79  6:08  Terran Infantry Weapons Level 1, Marauder  
  79  6:10  Engineering Bay  
  79  6:11  SCV  
  81  6:13  Marine  
  81  6:14  SCV  
  83  6:20  Orbital Command  
  83  6:23  SCV, Widow Mine  
  86  6:33  SCV  
  86  6:37  Terran Infantry Armor Level 1  
  87  6:43  Barracks  
  87  6:44  Medivac, Barracks, Combat Shield  
  87  6:45  Widow Mine  
  91  6:52  Medivac  
  93  6:57  Barracks Tech Lab  
  93  6:58  SCV  
  93  7:00  Supply Depot  
  96  7:01  Marauder  
  96  7:02  SCV  
  96  7:03  Orbital Command  
  97  7:09  Marine  
  97  7:10  SCV  
  97  7:14  SCV  
  100  7:19  Marine  
  100  7:20  Marauder  
  100  7:22  SCV, Medivac, Bunker x2, Marauder  
  107  7:26  SCV, Siege Tank  
  111  7:32  SCV  
  111  7:34  SCV  
  111  7:35  Barracks Reactor  
  111  7:36  Barracks Tech Lab  
  113  7:37  Concussive Shells  
  113  7:38  SCV  
  113  7:41  Marauder, Marine  
  119  7:44  SCV, Marauder  
  119  7:47  Refinery  
  119  7:49  SCV, Supply Depot  
  119  7:50  SCV  
  122  7:53  Supply Depot  
  122  7:54  Marine  
  122  7:56  Medivac  
  125  8:10  SCV, Medivac, Marauder  
  125  8:12  SCV x2  
  133  8:13  Marauder  
  133  8:14  Marauder, Marine  
  131  8:22  SCV  
  131  8:23  Ghost Academy  
  131  8:25  Barracks Reactor  
  131  8:26  Viking, Supply Depot, SCV x2  
  136  8:27  Supply Depot x2, Marine  
  136  8:31  Refinery  
  136  8:32  Marauder  
  139  8:35  Marauder  
  139  8:36  Supply Depot  
  139  8:38  Sensor Tower  
  141  8:45  Command Center  
  141  8:48  Medivac, Marauder  
  145  8:51  Terran Infantry Weapons Level 2  
  145  8:56  SCV x2  
  145  8:58  Terran Infantry Armor Level 2  
  145  8:59  SCV, Missile Turret  
  145  9:01  Widow Mine  
  145  9:02  Marine  
  153  9:06  Supply Depot, Widow Mine  
  155  9:15  Supply Depot x2  
  155  9:18  Ghost  
  155  9:19  Missile Turret  
  155  9:20  Ghost  
  155  9:22  Widow Mine  
  159  9:25  Marine  
  159  9:27  Widow Mine  
  161  9:36  Ghost, Marine x2  
  161  9:37  Marine  
  166  9:40  Supply Depot  
  166  9:41  Enhanced Shockwaves  
  166  9:42  Barracks  
  166  9:43  Widow Mine  
  166  9:44  Barracks  
  166  9:45  Barracks  
  168  9:56  Fusion Core  
  168  10:00  Starport  
  168  10:08  Ghost  
  168  10:12  Marauder, Marine  
  168  10:13  Marauder  
  175  10:19  Marine  
  175  10:21  Marine  
  176  10:25  Marine  
  169  10:30  Marine  
  169  10:31  Marauder, Marine  
  169  10:33  Barracks Tech Lab  
  169  10:34  Marauder x2  
  176  10:38  Marauder  
  176  10:42  Starport Reactor  
  175  10:46  Viking  
  175  10:47  Marine  
  178  10:53  Marauder, Marine  
  178  10:54  Marauder  
  178  10:55  Marauder x2  
  190  10:57  Marine  
  190  10:59  Marauder  
  193  11:10  Marine  
  191  11:14  Marauder  
  191  11:15  Marauder, Marine  
  191  11:17  Marauder x2  
  199  11:19  Marine  
  188  11:27  Marine  
  188  11:32  Marauder, Marine x2  
  178  11:33  Marine  
  178  11:34  Medivac x3  
  178  11:35  Medivac  
  178  11:36  Marauder, Widow Mine  
  178  11:39  SCV x3  
  176  11:40  Ghost  
  176  11:41  Marine  
  176  11:45  Marauder x2, Marine  
  184  11:49  Widow Mine  
  184  11:50  Marine x2  
  184  11:51  SCV, Marine  
  184  11:52  SCV x2  
  184  11:54  Marauder  
  194  11:57  Marauder  
  194  11:58  Marine  
  194  12:00  Planetary Fortress, Sensor Tower  
  195  12:06  Advanced Ballistics, Marauder  
  195  12:07  Marine  
  198  12:10  Marauder  
  198  12:11  Marine  
  198  12:15  Liberator x3  
  198  12:35  Marauder, Marine  
  176  12:40  Marine  
  176  12:41  Marauder, Marine  
  176  12:42  Marauder  
  176  12:44  Marauder, Marine  
  182  12:46  Marine  
  182  12:47  Marauder  
  183  12:53  Marine  
  183  12:55  Medivac  
  183  12:56  Widow Mine x2  
  183  12:57  Marauder  
  183  12:58  Medivac, Marine  
  193  12:59  Marine  
  193  13:02  Marauder  
  193  13:03  Marauder  
  199  13:08  Marauder  
  199  13:11  Marine  
  199  13:12  Command Center, Marauder  
  200  13:21  Refinery  
  200  13:22  Refinery  
  200  13:38  Marine  
  189  13:46  Marauder, Marine, Liberator  
  165  13:49  Marauder, Marine x2, Liberator  
  165  13:50  Marauder  
  165  13:52  Liberator x2  
  165  13:54  Marauder x2, Marine  
  164  13:56  Widow Mine, Marine  
  164  13:57  Widow Mine  
  169  14:04  Marine  
  169  14:06  Marine  
  169  14:07  Marine  
  169  14:08  Marauder  
  174  14:10  Marauder  
  175  14:18  Widow Mine x2  
  179  14:28  Marauder, Marine, Liberator  
  179  14:29  Marauder, Marine  
  179  14:31  Marauder x2, Marine  
  173  14:32  Marauder, Liberator  
  173  14:35  Marine, Liberator x2  
  173  14:36  Marine  
  186  14:41  Widow Mine  
  186  14:44  Orbital Command  
  185  14:45  Marine  
  185  14:47  Marine  
  185  14:48  Marine  
  185  14:49  Marauder  
  185  14:51  Marauder  
  185  14:52  Marauder, Marine  
  179  15:11  Widow Mine, Marine  
  179  15:12  Marauder  
  177  15:18  Marauder, Marine  
  175  15:26  Marine  
  175  15:28  Marine  
  154  15:31  Medivac  
  154  15:32  Medivac x3  
  154  15:35  Ghost  
  149  15:38  Marauder, Marine  
  139  15:50  Marine  
  138  16:01  Medivac x3  
  138  16:03  Ghost  
  144  16:04  Marine  
  128  16:20  Ghost  
  128  16:21  Marauder  
Tags
 
Add a new tag
Caveats
  • Supply blocks, unpowered buildings, or Contaminate may cause inaccurate times.
  • Supply counts are checked every 10 seconds.